 Dungeon Crawl Stone Soup version 0.30.0-20-g3615ddf2f0 (webtiles) character file.

Game seed: 11865814559065095068

68 qw the Chopper (level 4, -2/28 HPs)
             Began as a Gargoyle Fighter on May 29, 2023.
             Blown up by Ijyb (12 damage)
             ... with a mindburst bolt
             ... on level 3 of the Dungeon.
             The game lasted 00:00:45 (2057 turns).

qw the Chopper (Gargoyle Fighter)                   Turns: 2057, Time: 00:00:45

Health: -2/28      AC: 12    Str: 28    XL:     4   Next: 19%
Magic:  4/4        EV:  8    Int:  8    God:
Gold:   98         SH:  4    Dex:  9    Spells: 3/3 levels left

rFire   . . .        Y - +1 war axe
rCold   . . .        c - +0 buckler
rNeg    + . .        j - +0 chain mail
rPois   inf          (no helmet)
rElec   +            (no cloak)
rCorr   .            (no gloves)
SInv    .            (no boots)
Will    .....        (no amulet) Stlth
                     k - +6 ring of strength
HPRegen 0.24/turn    (no ring)
MPRegen 0.09/turn

%: no passive effects
@: no status effects
A: sickness immunity, AC +3, negative energy resistance 1, electricity
resistance, torment resistance 1, petrification resistance
a: no special abilities


You were on level 3 of the Dungeon.
You visited 1 branch of the dungeon, and saw 3 of its levels.

You collected 98 gold pieces.


Innate Abilities, Weirdness & Mutations

You are immune to sickness and miasma.
Your stone body is resilient. (AC +3)
You are immune to poison.
You resist negative energy. (rN+)
You are resistant to electric shocks. (rElec)
You are resistant to unholy torment.
You are immune to petrification.


   Skills:
 - Level 3.2 Fighting
 + Level 3.6 Axes
 - Level 1.2 Throwing
 - Level 3.2 Armour
 - Level 3.2 Shields


You had 3 spell levels left.
You didn't know any spells.
Your spell library was empty.

Inventory:

Hand Weapons
 g - a +0 mace
 Y - a +1 war axe (weapon)
Missiles
 b - 4 javelins (quivered)
 r - 2 boomerangs
Armour
 c - a +0 buckler (worn)
 j - a +0 chain mail (worn)
Jewellery
 k - a +6 ring of strength (left hand)
Scrolls
 f - a scroll of identify
Potions
 a - a potion of brilliance {unknown}
 d - a potion of might
 e - a potion of attraction {unknown}
 i - a potion of curing {unknown}
 l - a potion of resistance {unknown}
 n - a potion of berserk rage {unknown}

Dungeon Overview and Level Annotations

Branches:
Dungeon (3/15)

Altars:

Annotations:
D:3 Ijyb


Message History

Enter note:
Enter note:
Enter note:
b - 3 javelins (gained 1)
b - 4 javelins (gained 1)
b - 5 javelins (gained 1)
An orc comes into view. It is wielding a +0 hand axe.
The orc shouts!
Enter note:
Enter note:
Enter note:
Enter note: You throw a javelin.
The javelin barely misses the orc.
An orc comes into view. It is wielding a +1 heavy falchion.
Ijyb the Twisted Goblin comes into view.
She is wielding a +0 club and carrying a wand of mindburst (14).
A kobold comes into view. It is wielding a +0 dagger.
The orc moves out of view.
Ijyb shouts!
The orc shouts!
The kobold shouts!
You hear a shout!
An orc comes into view. It is wielding a +0 hand axe.
Enter note:
Enter note:
Enter note:
Enter note: You slash the orc!
You kill the orc!
Things that are here:
a +0 hand axe; an orc corpse
Enter note:
Enter note:
Enter note:
Enter note: You slash the kobold!
You kill the kobold!
You closely miss Ijyb. Ijyb closely misses you. The orc closely misses you.
Ijyb zaps a wand.
Your mind is blasted!
Ouch! That really hurt!
You barely miss Ijyb. You hit the orc.
Ijyb zaps a wand.
Your mind is blasted!
You die...

...........
#.#........ #
#.#...(....
#.##.#........
.............
...o.......
###.go......
#.#...@#.<....
#.............
######..#......
#...............
#######..###..(.
######..###....
#..............
######).##.....
.#### #.........
.....


You could see Ijyb and 2 orcs.

Vanquished Creatures
  2 adders
  A worm (D:3)
  2 dart slugs
  An orc (D:3)
  7 ball pythons
  3 bats
  3 endoplasms
  A giant cockroach (D:3)
  3 jackals (D:1)
  5 kobolds
  5 quokkas
  A frilled lizard (D:3)
  3 goblins
  2 rats
39 creatures vanquished.

Notes
Turn   | Place    | Note
-------+----------+-------------------------------------------
     0 | D:1      | qw the Gargoyle Fighter began the quest for the Orb.
     0 | D:1      | Reached XP level 1. HP: 14/14 MP: 1/1
     0 | D:1      | 0 ||| qw: Version: 0.2-a-101-gf424e7f
     0 | D:1      | 0 ||| qw: Game counter: 324
     0 | D:1      | 0 ||| qw: Always use a shield: true
     0 | D:1      | 0 ||| qw: God list: Okawaru
     0 | D:1      | 0 ||| qw: Allow faded altars: false
     0 | D:1      | 0 ||| qw: Do Orc after D:15 true
     0 | D:1      | 0 ||| qw: Do second Lair branch before Depths: true
     0 | D:1      | 0 ||| qw: Lair rune preference: random
     0 | D:1      | 0 ||| qw: Plans: Normal, Zot:1-4, Slime:5, God:TSO, Crypt,
                  | Tomb, Pan, Hells, Abyss, Win
     0 | D:1      | 0 ||| PLANNING D:1-11
    70 | D:1      | 70 ||| DROPPING +0 club.
   292 | D:1      | Reached XP level 2. HP: 19/19 MP: 2/2
   797 | D:1      | 797 ||| UPGRADING to +0 chain mail.
   807 | D:1      | 807 ||| DROPPING +0 scale mail.
   808 | D:1      | 808 ||| DROPPING amulet of faith.
   809 | D:1      | 809 ||| UPGRADING to +6 ring of strength.
   810 | D:1      | 810 ||| READING scroll labelled YXTAUX GIQOYVI.
   811 | D:1      | 811 ||| READING scroll labelled TAGRON GIKYD.
   812 | D:1      | 812 ||| READING scroll labelled HIYD MITEO.
   813 | D:1      | 813 ||| READING scroll labelled BEPUTZ JUETTUNISH.
   814 | D:1      | 814 ||| READING scroll labelled YCOMPAE MOAWI.
   858 | D:2      | 858 ||| Stepping ~*~*~tactically~*~*~ (hiding).
   867 | D:2      | Reached skill level 3 in Axes
  1101 | D:2      | 1101 ||| Stepping ~*~*~tactically~*~*~ (stealth).
  1218 | D:2      | Reached XP level 3. HP: 23/23 MP: 3/3
  1231 | D:2      | 1231 ||| Stepping ~*~*~tactically~*~*~ (water).
  1489 | D:2      | Reached skill level 1 in Throwing
  1497 | D:2      | 1497 ||| READING scroll labelled ONOUPIO JEXOPA.
  1598 | D:2      | 1598 ||| READING 3 scrolls labelled HOUSIA NESUUDY.
  1599 | D:2      | 1599 ||| DROPPING 2 scrolls of amnesia.
  1796 | D:3      | 1796 ||| Stepping ~*~*~tactically~*~*~ (stealth).
  1797 | D:3      | 1797 ||| Stepping ~*~*~tactically~*~*~ (stealth).
  1798 | D:3      | 1798 ||| Stepping ~*~*~tactically~*~*~ (stealth).
  1799 | D:3      | 1799 ||| Stepping ~*~*~tactically~*~*~ (stealth).
  1833 | D:3      | 1833 ||| Stepping ~*~*~tactically~*~*~ (hiding).
  1835 | D:3      | 1835 ||| Stepping ~*~*~tactically~*~*~ (hiding).
  1836 | D:3      | 1836 ||| Stepping ~*~*~tactically~*~*~ (hiding).
  1856 | D:3      | HP: 5/23 [frilled lizard (3)]
  1937 | D:3      | 1937 ||| Stepping ~*~*~tactically~*~*~ (stealth).
  1938 | D:3      | 1938 ||| Stepping ~*~*~tactically~*~*~ (stealth).
  1941 | D:3      | 1941 ||| Stepping ~*~*~tactically~*~*~ (stealth).
  1954 | D:3      | Reached XP level 4. HP: 28/28 MP: 4/4
  2051 | D:3      | Noticed Ijyb
  2057 | D:3      | Blown up by Ijyb

Levels and vault maps discovered:
D:1:      wander_arrival_lonely_grave, layout_basic, minmay_strange_pillars
D:2:      layout_loops_cross, chequers_serial_rivers_marsh
D:3:      layout_basic, dreamdust_ecumenical_altar_statues, minmay_surrounded,
          uniq_ijyb

Skill      XL: |  1  2  3 |
---------------+----------+-----
Axes           | 2 3 |  3.6
Throwing       | 1 |  1.2
Fighting       | |  3.2
Armour         | |  3.2
Shields        | |  3.2

Action                     |  1- 3 |  4- 6 || total
---------------------------+-------+-------++-------
  Melee: War axe           |    88 |    11 ||    99
  Throw: Boomerang         |     3 |       ||     3
         Javelin           |     8 |     6 ||    14
    Use: Scroll            |     7 |       ||     7
 Armour: Scale mail        |     8 |       ||     8
         Chain mail        |    23 |     2 ||    25
  Dodge: Dodged            |    40 |     6 ||    46
  Block: Buckler           |    19 |       ||    19

Table legend:
 A = Non-vault XP
 B = Vault XP
 C = Vault XP percentage of total XP
 D = Non-vault monster count
 E = Vault monster count
 F = Vault count percentage of total count
                 A         B        C        D         E       F
            +---------+---------+-------+---------+---------+-------
      Total |      88 |      10 |  10.2 |      34 |       5 |  12.8
            +---------+---------+-------+---------+---------+-------
        D:1 |      26 |       0 |   0.0 |      14 |       0 |   0.0
        D:2 |      28 |       0 |   0.0 |       9 |       0 |   0.0
        D:3 |      34 |      10 |  22.7 |      11 |       5 |  31.2
            +---------+---------+-------+---------+---------+-------
